 Dungeon Crawl Stone Soup version 0.17-a0-1701-gf693a3f (webtiles) character file.

525 karlkraus the Covered (level 7, -6/61 HPs)
             Began as a Minotaur Fighter on Aug 21, 2015.
             Mangled by an ogre
             ... wielding a +0 giant club
              (21 damage)
             ... on level 4 of the Dungeon.
             The game lasted 00:05:23 (2721 turns).

karlkraus the Covered (Minotaur Fighter)            Turns: 2721, Time: 00:05:23

Health: -6/61      AC:  7    Str: 21    XL:     7   Next: 2%
Magic:  6/6        EV:  9    Int:  5    God:
Gold:   166        SH: 10    Dex: 11    Spells: 0 memorised, 6 levels left

rFire  . . .     SeeInvis .     y - +2 flail (holy)
rCold  . . .     Clarity  .     b - +0 scale mail
rNeg   . . .     SustAt   .     c - +0 shield
rPois  .         Gourm    .     (helmet restricted)
rElec  .         Spirit   .     (no cloak)
rCorr  .         Warding  .     (no gloves)
rMut   .         Rnd*Tele +     (no boots)
MR     .....                    (no amulet)
Stlth  ..........               (no ring)
                                s - ring of teleportation (curse)

@: not resistant to hostile enchantments, extremely unstealthy
A: retaliatory headbutt, horns 2
a: Evoke Teleportation


You were on level 4 of the Dungeon.
You were very hungry.

You visited 1 branch of the dungeon, and saw 4 of its levels.

You collected 166 gold pieces.

Inventory:

Hand weapons
 y - a +2 flail of holy wrath (weapon)
Armour
 b - a +0 scale mail (worn)
 c - a +0 shield (worn)
Jewellery
 s - a cursed ring of teleportation (left hand)
Scrolls
 f - a scroll of magic mapping {unknown}
 h - 5 scrolls of identify {unknown}
 i - a scroll of enchant weapon {unknown}
 k - 4 scrolls of remove curse {unknown}
 m - a scroll of immolation {unknown}
 o - 2 scrolls of teleportation {unknown}
 q - 2 scrolls of random uselessness {unknown}
 r - a scroll of blinking {unknown}
 u - a scroll of recharging {unknown}
 v - a scroll of enchant armour {unknown}
 x - a scroll of amnesia {unknown}
Potions
 a - a potion of curing {unknown}
 g - a potion of lignification {unknown}
 j - a potion of magic {unknown}
 l - a potion of degeneration {unknown}
 n - a potion of flight {unknown}
 p - a potion of agility {unknown}
 w - a potion of haste {unknown}
 B - a potion of cure mutation {unknown}
Comestibles
 d - a meat ration
 e - 2 bread rations
 t - 2 beef jerkies
 A - a fruit


   Skills:
 + Level 5.3 Fighting
 + Level 4.3 Maces & Flails
 + Level 5.7 Armour
 + Level 2.7 Dodging
 + Level 5.6 Shields


You had 6 spell levels left.
You didn't know any spells.

Dungeon Overview and Level Annotations

Branches:
Dungeon (4/15)
 Temple: D:4-7

Altars:
Ru
Sif Muna
The Shining One


Innate Abilities, Weirdness & Mutations

You reflexively headbutt those who attack you in melee.
You have a pair of horns on your head.


Message History

The ogre shouts!
You closely miss the worker ant. The worker ant barely misses you.
You furiously retaliate!
You headbutt the worker ant!
You kill the worker ant!
You have reached level 7!
All of the chunks of flesh in your inventory have rotted away.
The ogre hits you with a giant club!
* * * LOW HITPOINT WARNING * * *
You hit the ogre.
You headbutt the ogre, but do no damage.
The ogre is lightly wounded.
You are feeling very hungry.
The ogre closely misses you.
You hit the ogre. You headbutt the ogre.
The ogre is moderately wounded.
The ogre barely misses you. You furiously retaliate!
You headbutt the ogre. You hit the ogre. You headbutt the ogre.
The ogre is heavily wounded.
The ogre hits you with a giant club!!
You die...

#####.#########
#######......########
.....>...............
#####.†##.#.######## ##
#..##.#.# ..###
#..##.#.# ##### ####...
#(....#.# ##....
......=##....##.###...##
......O@.....##...).#...
#####.####.#.######...#
# #.#.# ##.## #.#.# #.#
#.#.# #.# #.#.# #.#
#.#.# #.#
#.#.#######.###
#.#............


You could see an ogre.

Vanquished Creatures
  The ghost of BobbyTwoHands the Slasher, an average HESk (D:3)
  Edmund (D:4)
  A hound (D:4)
  A giant frog skeleton (D:4)
  2 worker ants (D:4)
  7 gnolls
  5 adders
  3 worms
  3 giant geckos
  12 orcs (D:3)
  3 ball pythons
  4 goblins
  9 hobgoblins
  13 kobolds
  5 bats
  2 giant cockroaches (D:1)
  4 giant newts
  A quokka skeleton (D:4)
  9 rats
86 creatures vanquished.

Vanquished Creatures (others)
  A plant (D:1)
1 creature vanquished.

Grand Total: 87 creatures vanquished

Notes
Turn   | Place    | Note
--------------------------------------------------------------
     0 | D:1      | karlkraus the Minotaur Fighter began the quest for the Orb.
     0 | D:1      | Reached XP level 1. HP: 19/19 MP: 0/0
   106 | D:1      | Reached XP level 2. HP: 22/27 MP: 1/1
   119 | D:1      | You fall through a shaft!
   183 | D:2      | Found a deep blue altar of Sif Muna.
   259 | D:1      | Reached skill level 4 in Fighting
   655 | D:1      | Reached XP level 3. HP: 33/33 MP: 2/2
  1064 | D:2      | Found a sacrificial altar of Ru.
  1148 | D:2      | Found a glowing golden altar of the Shining One.
  1237 | D:2      | Reached XP level 4. HP: 9/40 MP: 3/3
  1698 | D:3      | Reached skill level 1 in Dodging
  1719 | D:3      | Noticed BobbyTwoHands's ghost (average HESk)
  1727 | D:3      | Killed BobbyTwoHands's ghost
  1727 | D:3      | Reached skill level 5 in Shields
  1727 | D:3      | Reached XP level 5. HP: 47/47 MP: 4/4
  1800 | D:3      | Reached skill level 5 in Armour
  2113 | D:3      | Reached XP level 6. HP: 50/53 MP: 5/5
  2582 | D:4      | Reached skill level 5 in Fighting
  2614 | D:4      | Noticed Edmund
  2632 | D:4      | Killed Edmund
  2714 | D:4      | Reached XP level 7. HP: 30/61 MP: 6/6
  2721 | D:4      | Mangled by an ogre

Vault maps used:
D:1:      erik_arrival_triangle_medium, lexackson_kobold_supper
D:2:      nicolae_ru_sacrificial_ziggurat, led_sif_pool, grunt_decor_cap,
          nicolae_tso_swordbearing_angel
D:3:      first_bread, roderic_serpentine_path
D:4:      serial_shops, nicolae_shop_crystal, uniq_edmund

Action                   |  1- 3 |  4- 6 |  7- 9 || total
-------------------------+-------+-------+-------++-------
Melee: Flail             |    84 |   111 |     3 ||   198
  Use: Potion            |       |     1 |       ||     1
  Eat: Chunk             |     1 |     4 |       ||     5
